 Dungeon Crawl Stone Soup version 0.32-a0-136-gc02482bde3 (webtiles) character file.

Game seed: 4147973478798760657

21556 cforsyth the Warrior (level 13, -4/162 HPs)
             Began as a Djinni Hexslinger on Feb 10, 2024.
             Slain by a death yak (17 damage)
             ... in a Gauntlet.
             The game lasted 00:44:29 (19349 turns).

cforsyth the Warrior (Djinni Hexslinger)           Turns: 19349, Time: 00:44:30

Health: -4/162     AC: 11    Str: 16    XL:     13   Next: 20%
Gold:   447        EV: 12    Int: 22    God:
                   SH:  0    Dex: 22

rFire   + + .        a - +9 rapier of the Sky {protect, Str+5 Dex+5}
rCold   + . .        (no shield)
rNeg    . . .        t - +0 leather armour "Yguckela" {Int+3 SInv}
rPois   ∞            x - +0 helmet
rElec   .            g - scarf {rC+ rF+}
rCorr   .            (no gloves)
SInv    +            (boots unavailable)
Will    +....        (no amulet) Stlth
                     q - ring of Josh {Ice Str+4}
HPRegen 0.47/turn    (no ring)
MPRegen 0.00/turn

%: no teleportation, infuse magic (-5 HP)
@: berserking (expiring), under a protective aura, flying, invisible, very quick
A: sickness immunity, fire resistance 2, cold vulnerability 1, float, innate
caster, HP casting, extra vitality 1
a: no special abilities


You were in a Gauntlet.
You visited 2 branches of the dungeon, and saw 14 of its levels.
You also visited: Gauntlet.

You collected 794 gold pieces.
You spent 347 gold pieces at shops.


Innate Abilities, Weirdness & Mutations

You are immune to sickness and miasma.
You are immune to poison.
Your flesh is very heat resistant. (rF++)
You are vulnerable to cold. (rC-)
You float through the air rather than walking.
You learn spells naturally, not from books.
Your magical power is your life essence.
You have superior vitality. (+4 MHP)


   Skills:
 + Level 15.2 Fighting
 - Level 1.5 Ranged Weapons
 - Level 2.1 Dodging
 + Level 11.9 Spellcasting
 + Level 11.9 Conjurations
 + Level 11.9 Hexes
 + Level 11.9 Summonings
 + Level 11.9 Necromancy
 + Level 11.9 Translocations
 + Level 11.9 Fire Magic
 + Level 11.9 Ice Magic
 + Level 11.9 Air Magic
 + Level 11.9 Earth Magic
 + Level 11.9 Alchemy


You knew the following spells:

 Your Spells              Type           Power      Damage    Failure   Level
a - Volatile Blastmotes   Fire/Tloc      100%       2d18      1%          3
b - Yara's Violent Unrav  Hex/Alch       30%        3d13      1%          5
c - Cause Fear            Hex            30%        N/A       1%          4
d - Animate Dead          Necr           60%        N/A       1%          4
f - Inner Flame           Hex/Fire       60%        N/A       1%          3
i - Call Imp              Summ           100%       N/A       1%          2
y - Curse of Agony        Necr           60%        N/A       1%          5
z - Summon Small Mammal   Summ           100%       N/A       1%          1
X - Jinxbite              Hex            100%       N/A       1%          2
Y - Sigil of Binding      Hex            60%        N/A       1%          3
Z - Dimensional Bullseye  Hex/Tloc       30%        N/A       1%          4
Your spell library was empty.

Inventory:

Hand Weapons
 a - the +9 rapier of the Sky (weapon) {protect, Str+5 Dex+5}
   (You found it on level 11 of the Dungeon)

   Str+5:     It affects your strength (+5).
   Dex+5:     It affects your dexterity (+5).
Missiles
 v - 3 throwing nets {=f}
Armour
 g - a scarf of resistance (worn)
 t - the +0 leather armour "Yguckela" (worn) {Int+3 SInv}
   (You bought it in a shop on level 1 of the Dungeon)

   Int+3:     It affects your intelligence (+3).
   SInv:      It lets you see invisible.
 x - a +0 helmet (worn)
 A - a +2 robe of resistance
Magical Staves
 E - a staff of death {!a}
Jewellery
 n - an amulet of faith {!P}
 q - the ring of Josh (left hand) {Ice Str+4}
   (You found it on level 3 of the Dungeon)

   [ring of ice]

   Ice:       It enhances your ice magic.
   Str+4:     It affects your strength (+4).
   rF-:       It makes you vulnerable to fire.
   rC+:       It protects you from cold.
 C - a ring of ice
 F - a ring of fire
Wands
 h - a wand of mindburst (14)
 r - a wand of flame (7)
 B - a wand of paralysis (7)
 K - a wand of roots (3)
Scrolls
 b - 7 scrolls of poison
 c - 4 scrolls of revelation
 f - 7 scrolls of teleportation {@r2}
 i - 2 scrolls of enchant armour {unknown}
 k - a scroll of butterflies {unknown}
 l - 2 scrolls of enchant weapon {unknown}
 w - a scroll of brand weapon {unknown}
 y - a scroll of vulnerability {unknown}
 z - a scroll of immolation {unknown}
 H - a scroll of silence {unknown}
 I - a scroll of fog {unknown}
Potions
 d - 3 potions of brilliance
 e - 10 potions of curing {@q1}
 j - a potion of invisibility
 m - a potion of ambrosia
 o - 2 potions of lignification
 p - 2 potions of enlightenment
 s - a potion of heal wounds {@q2}
 u - 2 potions of might
 D - a potion of attraction
 G - a potion of mutation

Dungeon Overview and Level Annotations

Branches:
Dungeon (11/15)            Temple (0/1) D:6            Lair (3/5) D:11
  Swamp (0/4) Lair:3        Snake (0/4) Lair:3          Orc (0/2) D:9
Gauntlet (1/1)

Altars:
Cheibriados
Hepliaklqana
Qazlal
Trog
Uskayaw
Wu Jian
Xom
Yredelemnul
Zin

Shops:
D:1 [   D:2 ?   D:7 *

Annotations:
D:7 2 transporters, BubbleThief's ghost, novice HOFi
D:8 1 runed translucent door, whatisthis's ghost, novice DsAl Gauntlet 10 transporters, 1 runed translucent door, exclusion: 2 lightning spires

▒≈...▒▒▒▒▒▒▒▒▒▒▒...............≈
▒▒.....................ß.....ß.▒
▒▒.ß.....ß.....ß...............
▒≈...............▒▒▒▒▒▒▒▒▒▒▒...
▒▒...▒▒▒▒▒▒▒▒▒...▒.^.....hE▒...
▒≈...▒▒▒...▒▒▒5..▒.▒▒..^▒▒h▒...
▒▒...▒▒▒...▒▒▒▒▒▒▒.▒.▒h▒.▒!▒...
▒≈...▒..▒▒'!▒▒Y..▒..▒▒.▒▒.=▒...
▒▒.ß©▒..▒©▒wY▒@ß©▒h°▒^©^▒.©▒.ß.
▒≈...▒..+▒▒[▒▒...▒R.▒▒.▒▒.)▒...
▒▒...▒▒▒...▒▒▒▒▒▒▒E▒.▒☼▒.▒.▒...
▒≈...▒▒▒...▒▒▒...▒h▒▒☼.^▒▒.▒...
▒▒...▒▒▒▒▒▒▒▒▒...▒.^.......▒...
▒≈...§§..........▒▒▒▒▒▒▒▒▒▒▒...
▒▒.ß.§...ß.....ß..............§
▒≈..§.................ß......ß.
▒▒≈▒≈▒≈▒≈▒≈▒≈▒≈▒...............


You could see 2 death yaks, a torpor snail (unable to see you), an efreet
(wandering, unable to see you), a fire elemental (unable to see you), 2 hell
hounds and a friendly cerulean imp (summoned).


Message History

You puncture the death yak!
The death yak is heavily wounded.
The death yak barely misses you. The death yak gores you!
* * * LOW HITPOINT WARNING * * *
You barely miss the death yak.
The death yak is heavily wounded.
The hell hound barks!
The death yak gores you!
* * * LOW HITPOINT WARNING * * *
The death yak gores you but does no damage.
You strike the helpless death yak from behind!
You puncture the death yak! Your punch misses the death yak.
The death yak is severely wounded.
The death yak gores you!
* * * LOW HITPOINT WARNING * * *
You impale the death yak!!
You kill the death yak!
The death yak gores you but does no damage.
You barely miss the death yak. Your punch misses the death yak.
The death yak gores you!
* * * LOW HITPOINT WARNING * * *
Unknown command.
You hit the death yak.
The death yak is lightly wounded.
The death yak barely misses you.
You catch the helpless death yak completely off-guard!
You puncture the death yak!
The death yak is moderately wounded.
The death yak gores you!
You die...

Skill      XL: |  1  2  3  4  5  6  7  8  9 10 11 12 13 |
---------------+----------------------------------------+-----
Spellcasting   | 3 4 5 6 7 8 10 11 | 11.9
Conjurations   | 3 4 5 6 7 8 10 11 | 11.9
Hexes          | 3 4 5 6 7 8 10 11 | 11.9
Summonings     | 3 4 5 6 7 8 10 11 | 11.9
Necromancy     | 3 4 5 6 7 8 10 11 | 11.9
Translocations | 3 4 5 6 7 8 10 11 | 11.9
Fire Magic     | 3 4 5 6 7 8 10 11 | 11.9
Ice Magic      | 3 4 5 6 7 8 10 11 | 11.9
Air Magic      | 3 4 5 6 7 8 10 11 | 11.9
Earth Magic    | 3 4 5 6 7 8 10 11 | 11.9
Alchemy        | 3 4 5 6 7 8 10 11 | 11.9
Fighting       | 2 3 4 5 7 9 11 13 14 15 | 15.2
Ranged Weapons | |  1.5
Dodging        | |  2.1

Action                     |  1- 3 |  4- 6 |  7- 9 | 10-12 | 13-15 || total
---------------------------+-------+-------+-------+-------+-------++-------
  Melee: Rapier            |       |       |       |     5 |    14 ||    19
         Punch             |       |       |       |       |     1 ||     1
   Fire: Sling             |    99 |   158 |   176 |   105 |       ||   538
   Cast: Summon Small Mamm |     3 |       |     1 |    42 |     6 ||    52
         Inner Flame       |       |    13 |    67 |   150 |    17 ||   247
         Call Imp          |       |       |     2 |    68 |     9 ||    79
         Volatile Blastmot |       |       |       |    19 |     1 ||    20
         Jinxbite          |       |       |       |     4 |       ||     4
         Yara's Violent Un |       |       |       |    52 |     6 ||    58
         Cause Fear        |       |       |       |     4 |     6 ||    10
  Evoke: Wand              |       |       |       |     5 |       ||     5
    Use: Scroll            |       |       |     7 |     6 |     2 ||    15
         Potion            |       |       |       |     1 |     2 ||     3
   Stab: Distracted        |       |       |       |     1 |       ||     1
         Invisible         |       |       |       |       |     4 ||     4
 Armour: Robe              |    26 |    31 |       |       |       ||    57
         Leather armour    |       |    37 |    60 |   144 |    25 ||   266
  Dodge: Dodged            |    33 |    52 |    54 |    99 |    26 ||   264

Levels and vault maps discovered:
D:1:      minmay_arrival_semitransparent, layout_basic, serial_shops,
          nicolae_shop_tiny_waterfront, serial_bayou_crossing
D:2:      layout_basic, serial_shops, nicolae_shop_behind_doors,
          minmay_misc_feat_five
D:3:      layout_loops_ring, mainiacjoe_overflow_concentric_impassable,
          uniq_ijyb
D:4:      layout_loops_ring, overflow_temple_1_default,
          regret_index_temple_of_mockery, lemuel_mausoleum_altar_kikubaaqudgha,
          uniq_natasha
D:5:      layout_basic
D:6:      layout_cave_pods, eat_drink_and_be_merry_uskayaw,
          kennysheep_slug_shrine, lemuel_doored_altar,
          minmay_temple_entry_poolview
D:7:      layout_loops_ring, trog_hazing_becter,
          gammafunk_ghost_berserking_beasts, nicolae_shop_gadgets, uniq_joseph
D:8:      layout_rooms, serial_demonic, serial_demonic_e, serial_demonic_c,
          serial_demonic_g, serial_demonic_a, gammafunk_ghost_grave
D:9:      layout_basic, kennysheep_orc_monster_closet_entryway,
          supply_closet_lemuel
D:10:     layout_big_octagon, nicolae_qazlal_style_of_elements,
          serial_co_window_serial, co_window_paths_a, co_window_paths_a,
          co_window_corner_a, co_window_corner_a, co_window_paths_a,
          co_window_paths_a, co_window_corner_a, co_window_broadway_b,
          co_window_corner_ca, co_window_corner_b, co_window_corner_b,
          co_window_unsneaky_path_d, co_window_4corner_a, glass_columns_a
D:11:     layout_irregular_city, lair_entry_dummy, xom_teletrap_fun
Lair:1:   layout_cave_pods, grunt_megastairs_5, lemuel_fruit_tree, uniq_erica
Lair:2:   wander_river, layout_regular_city, serial_bayou_pond_b, uniq_amaemon
Lair:3:   layout_chaotic_city, skrybe_swamp_entry_bodies,
          minmay_snake_entry_guardpost_large, gauntlet_entry_generic,
          serial_forest, infiniplex_forest_clump_cross, infiniplex_forest_end_1,
          infiniplex_forest_straight_1, infiniplex_forest_zigzag_2,
          infiniplex_forest_clump_diagonal, infiniplex_forest_clump_C,
          infiniplex_forest_zigzag_2, minivault_11
Gauntlet: minmay_gauntlet_mixed_oops_all_seconds
          [minmay_gauntlet_arena_77_cramped, gammafunk_gauntlet_arena_teeth,
          minmay_gauntlet_arena_77_fan, gammafunk_gauntlet_arena_corners,
          minmay_gauntlet_arena_77_tiled_triplets,
          gammafunk_gauntlet_arena_arrow_garden,
          dreamdust_gauntlet_exit_labyrinth]

Notes
Turn   | Place    | Note
-------+----------+-------------------------------------------
     0 | D:1      | cforsyth the Djinni Hexslinger began the quest for the Orb.
     0 | D:1      | cforsyth set off with the following spells memorised:
                  | Jinxbite, Sigil of Binding, Inner Flame, Cause Fear,
                  | Dimensional Bullseye.
     0 | D:1      | Reached XP level 1. HP: 17/17 MP: 0/0
   126 | D:1      | Reached XP level 2. HP: 22/22 MP: 0/0
   204 | D:1      | Found Yhonn's Antique Armour Emporium.
   277 | D:1      | Reached skill level 3 in Spellcasting
   277 | D:1      | Reached skill level 3 in Conjurations
   277 | D:1      | Reached skill level 3 in Hexes
   277 | D:1      | Reached skill level 3 in Summonings
   277 | D:1      | Reached skill level 3 in Necromancy
   277 | D:1      | Reached skill level 3 in Translocations
   277 | D:1      | Reached skill level 3 in Fire Magic
   277 | D:1      | Reached skill level 3 in Ice Magic
   277 | D:1      | Reached skill level 3 in Air Magic
   277 | D:1      | Reached skill level 3 in Earth Magic
   277 | D:1      | Reached skill level 3 in Alchemy
   384 | D:1      | Reached skill level 2 in Fighting
   384 | D:1      | Reached XP level 3. HP: 28/28 MP: 0/0
   384 | D:1      | Learned a level 1 spell: Summon Small Mammal
   701 | D:1      | Identified a scarf of resistance
  1046 | D:2      | Reached XP level 4. HP: 22/34 MP: 0/0
  1135 | D:2      | Found Vueroack's Magic Scroll Shoppe.
  1703 | D:3      | Noticed Ijyb
  1714 | D:3      | Killed Ijyb
  1715 | D:3      | Reached skill level 3 in Fighting
  1849 | D:3      | Found a basalt altar of Yredelemnul.
  1991 | D:3      | Identified the ring of Josh {Ice Str+4}
  2008 | D:3      | Reached XP level 5. HP: 40/40 MP: 0/0
  2008 | D:3      | Learned a level 2 spell: Call Imp
  2335 | D:4      | Reached XP level 6. HP: 39/47 MP: 0/0
  2457 | D:1      | Bought an ichor-stained leather armour for 182 gold pieces
  2457 | D:1      | Identified the +0 leather armour "Yguckela" {Int+3 SInv}
                  | (You bought it in a shop on level 1 of the Dungeon)
  2557 | D:4      | Noticed Natasha
  2618 | D:4      | Killed Natasha
  2619 | D:4      | Reached skill level 4 in Fighting
  2619 | D:4      | Reached skill level 4 in Spellcasting
  2619 | D:4      | Reached skill level 4 in Conjurations
  2619 | D:4      | Reached skill level 4 in Hexes
  2619 | D:4      | Reached skill level 4 in Summonings
  2619 | D:4      | Reached skill level 4 in Necromancy
  2619 | D:4      | Reached skill level 4 in Translocations
  2619 | D:4      | Reached skill level 4 in Fire Magic
  2619 | D:4      | Reached skill level 4 in Ice Magic
  2619 | D:4      | Reached skill level 4 in Air Magic
  2619 | D:4      | Reached skill level 4 in Earth Magic
  2619 | D:4      | Reached skill level 4 in Alchemy
  2741 | D:4      | Found a hazy altar of Hepliaklqana.
  2742 | D:4      | Found a shimmering altar of Xom.
  2743 | D:4      | Noticed a spectral ugly thing
  2832 | D:4      | Noticed Natasha
  2836 | D:4      | Killed Natasha
  3193 | D:4      | Found a glowing silver altar of Zin.
  3445 | D:4      | Reached XP level 7. HP: 26/53 MP: 0/0
  3445 | D:4      | Learned a level 3 spell: Volatile Blastmotes
  3460 | D:4      | Reached skill level 5 in Fighting
  3846 | D:5      | Entered Level 5 of the Dungeon
  3884 | D:5      | Reached skill level 5 in Spellcasting
  3884 | D:5      | Reached skill level 5 in Conjurations
  3884 | D:5      | Reached skill level 5 in Hexes
  3884 | D:5      | Reached skill level 5 in Summonings
  3884 | D:5      | Reached skill level 5 in Necromancy
  3884 | D:5      | Reached skill level 5 in Translocations
  3884 | D:5      | Reached skill level 5 in Fire Magic
  3884 | D:5      | Reached skill level 5 in Ice Magic
  3884 | D:5      | Reached skill level 5 in Air Magic
  3884 | D:5      | Reached skill level 5 in Earth Magic
  3884 | D:5      | Reached skill level 5 in Alchemy
  4196 | D:5      | Reached XP level 8. HP: 57/61 MP: 0/0
  4305 | D:5      | Reached skill level 6 in Fighting
  4623 | D:2      | Bought a scroll of identify for 22 gold pieces
  4623 | D:2      | Bought a scroll of identify for 22 gold pieces
  4623 | D:2      | Bought a scroll of teleportation for 33 gold pieces
  4623 | D:2      | Bought a scroll of identify for 22 gold pieces
  4623 | D:2      | Bought a scroll of identify for 22 gold pieces
  4773 | D:6      | Reached skill level 7 in Fighting
  5024 | D:6      | Reached skill level 6 in Spellcasting
  5024 | D:6      | Reached skill level 6 in Conjurations
  5024 | D:6      | Reached skill level 6 in Hexes
  5024 | D:6      | Reached skill level 6 in Summonings
  5024 | D:6      | Reached skill level 6 in Necromancy
  5024 | D:6      | Reached skill level 6 in Translocations
  5024 | D:6      | Reached skill level 6 in Fire Magic
  5024 | D:6      | Reached skill level 6 in Ice Magic
  5024 | D:6      | Reached skill level 6 in Air Magic
  5024 | D:6      | Reached skill level 6 in Earth Magic
  5024 | D:6      | Reached skill level 6 in Alchemy
  5233 | D:6      | Found a hide-covered altar of Uskayaw.
  5253 | D:6      | Reached XP level 9. HP: 53/68 MP: 0/0
  5253 | D:6      | Learned a level 4 spell: Animate Dead
  5811 | D:6      | Found a snail-covered altar of Cheibriados.
  5820 | D:6      | Reached skill level 8 in Fighting
  6118 | D:6      | Found an ornate altar of the Wu Jian Council.
  6146 | D:6      | Found a staircase to the Ecumenical Temple.
  6641 | D:7      | Reached skill level 7 in Spellcasting
  6641 | D:7      | Reached skill level 7 in Conjurations
  6641 | D:7      | Reached skill level 7 in Hexes
  6641 | D:7      | Reached skill level 7 in Summonings
  6641 | D:7      | Reached skill level 7 in Necromancy
  6641 | D:7      | Reached skill level 7 in Translocations
  6641 | D:7      | Reached skill level 7 in Fire Magic
  6641 | D:7      | Reached skill level 7 in Ice Magic
  6641 | D:7      | Reached skill level 7 in Air Magic
  6641 | D:7      | Reached skill level 7 in Earth Magic
  6641 | D:7      | Reached skill level 7 in Alchemy
  6708 | D:7      | Identified a +2 robe of resistance
  6810 | D:7      | Found a transporter.
  6812 | D:7      | Noticed BubbleThief's ghost (novice HOFi)
  6852 | D:7      | Reached skill level 9 in Fighting
  7088 | D:7      | Found a bloodstained altar of Trog.
  7178 | D:7      | Noticed a moth of wrath
  7209 | D:7      | Found Costrunoa's Gadget Gallery.
  7310 | D:7      | Reached XP level 10. HP: 56/78 MP: 0/0
  7509 | D:7      | Found a transporter.
  7585 | D:7      | Noticed Joseph
  7602 | D:7      | Killed Joseph
  7902 | D:8      | Found a runed translucent door.
  7907 | D:8      | Reached skill level 10 in Fighting
  7950 | D:8      | Noticed whatisthis's ghost (novice DsAl)
  8037 | D:8      | Reached skill level 8 in Spellcasting
  8037 | D:8      | Reached skill level 8 in Conjurations
  8037 | D:8      | Reached skill level 8 in Hexes
  8037 | D:8      | Reached skill level 8 in Summonings
  8037 | D:8      | Reached skill level 8 in Necromancy
  8037 | D:8      | Reached skill level 8 in Translocations
  8037 | D:8      | Reached skill level 8 in Fire Magic
  8037 | D:8      | Reached skill level 8 in Ice Magic
  8037 | D:8      | Reached skill level 8 in Air Magic
  8037 | D:8      | Reached skill level 8 in Earth Magic
  8037 | D:8      | Reached skill level 8 in Alchemy
  9011 | D:9      | Noticed a komodo dragon
  9242 | D:9      | Killed a komodo dragon
  9555 | D:9      | Noticed a gargoyle
  9560 | D:9      | Killed a gargoyle
  9561 | D:9      | Reached skill level 11 in Fighting
  9964 | D:9      | Found a staircase to the Orcish Mines.
  9982 | D:9      | Reached XP level 11. HP: 77/87 MP: 0/0
  9982 | D:9      | Learned a level 5 spell: Yara's Violent Unravelling
  9990 | D:9      | Reached skill level 9 in Spellcasting
  9990 | D:9      | Reached skill level 9 in Conjurations
  9990 | D:9      | Reached skill level 9 in Hexes
  9990 | D:9      | Reached skill level 9 in Summonings
  9990 | D:9      | Reached skill level 9 in Necromancy
  9990 | D:9      | Reached skill level 9 in Translocations
  9990 | D:9      | Reached skill level 9 in Fire Magic
  9990 | D:9      | Reached skill level 9 in Ice Magic
  9990 | D:9      | Reached skill level 9 in Air Magic
  9990 | D:9      | Reached skill level 9 in Earth Magic
  9990 | D:9      | Reached skill level 9 in Alchemy
 10218 | D:9      | Reached skill level 12 in Fighting
 10512 | D:9      | Noticed a two-headed ogre
 10538 | D:9      | Killed a two-headed ogre
 10976 | D:2      | Bought a scroll of fear for 44 gold pieces
 11241 | D:10     | Entered Level 10 of the Dungeon
 11528 | D:10     | Noticed a two-headed ogre
 11536 | D:10     | Killed a two-headed ogre
 11544 | D:10     | Reached skill level 10 in Spellcasting
 11544 | D:10     | Reached skill level 10 in Conjurations
 11544 | D:10     | Reached skill level 10 in Hexes
 11544 | D:10     | Reached skill level 10 in Summonings
 11544 | D:10     | Reached skill level 10 in Necromancy
 11544 | D:10     | Reached skill level 10 in Translocations
 11544 | D:10     | Reached skill level 10 in Fire Magic
 11544 | D:10     | Reached skill level 10 in Ice Magic
 11544 | D:10     | Reached skill level 10 in Air Magic
 11544 | D:10     | Reached skill level 10 in Earth Magic
 11544 | D:10     | Reached skill level 10 in Alchemy
 12002 | D:10     | Found a stormy altar of Qazlal.
 12625 | D:11     | Noticed a two-headed ogre
 12637 | D:11     | Killed a two-headed ogre
 12690 | D:11     | Noticed a centaur warrior
 12702 | D:11     | Killed a centaur warrior
 12703 | D:11     | Reached skill level 13 in Fighting
 12871 | D:11     | Noticed a boulder beetle
 12880 | D:11     | Found a staircase to the Lair.
 12888 | D:11     | Identified the +9 rapier of the Sky {protect, Str+5 Dex+5}
 12894 | Lair:1   | Entered Level 1 of the Lair of Beasts
 12902 | Lair:1   | Reached XP level 12. HP: 68/98 MP: 0/0
 14827 | Lair:1   | Noticed Erica
 14842 | Lair:1   | Killed Erica
 14843 | Lair:1   | Reached skill level 14 in Fighting
 14843 | Lair:1   | Reached skill level 11 in Spellcasting
 14843 | Lair:1   | Reached skill level 11 in Conjurations
 14843 | Lair:1   | Reached skill level 11 in Hexes
 14843 | Lair:1   | Reached skill level 11 in Summonings
 14843 | Lair:1   | Reached skill level 11 in Necromancy
 14843 | Lair:1   | Reached skill level 11 in Translocations
 14843 | Lair:1   | Reached skill level 11 in Fire Magic
 14843 | Lair:1   | Reached skill level 11 in Ice Magic
 14843 | Lair:1   | Reached skill level 11 in Air Magic
 14843 | Lair:1   | Reached skill level 11 in Earth Magic
 14843 | Lair:1   | Reached skill level 11 in Alchemy
 15902 | Lair:2   | HP: 3/100 [cane toad (18)]
 17499 | Lair:2   | Noticed an eight-headed hydra
 17505 | Lair:2   | Killed an eight-headed hydra
 17707 | Lair:2   | Noticed Amaemon
 17711 | Lair:2   | Killed Amaemon
 18049 | Lair:2   | Reached XP level 13. HP: 91/106 MP: 0/0
 18049 | Lair:2   | Learned a level 5 spell: Curse of Agony
 18757 | Lair:3   | Noticed a catoblepas
 18823 | Lair:3   | Reached skill level 15 in Fighting
 18842 | Lair:3   | Found a gate leading to a gauntlet.
 18857 | Gauntlet | Entered a Gauntlet
 18857 | Gauntlet | Found a transporter.
 18865 | Gauntlet | Noticed a great orb of eyes
 19034 | Gauntlet | Found a transporter.
 19051 | Gauntlet | Found a transporter.
 19055 | Gauntlet | Found a transporter.
 19076 | Gauntlet | Found a transporter.
 19089 | Gauntlet | Found a transporter.
 19103 | Gauntlet | Found a transporter.
 19130 | Gauntlet | Found a transporter.
 19130 | Gauntlet | Found a transporter.
 19132 | Gauntlet | Found a runed translucent door.
 19136 | Gauntlet | Found a transporter.
 19145 | Gauntlet | Found a runed translucent door.
 19169 | Gauntlet | Found a transporter.
 19169 | Gauntlet | Found a transporter.
 19347 | Gauntlet | HP: 13/162 [death yak (14)]
 19349 | Gauntlet | Slain by a death yak

Vanquished Creatures
  Erica (Lair:1)
  A hydra (Lair:2)
  A centaur warrior (D:11)
  2 two-headed ogres
  A death yak (Gauntlet)
  Amaemon (Lair:2)
  4 black mambas
  Joseph (D:7)
  A torpor snail (Lair:2)
  A rime drake (Lair:1)
  A gargoyle (D:9)
  5 komodo dragons
  2 cane toads
  An unseen horror (D:10)
  A troll (D:9)
  2 hornets
  8 blink frogs
  2 wraiths (D:9)
  2 wyverns
  16 yaks
  2 basilisks
  2 acid dragons
  6 water moccasins
  3 orc warriors
  6 ice beasts
  A sky beast (D:7)
  6 ogres
  7 wolves
  6 centaurs
  A phantom (D:7)
  2 kobold brigands (D:9)
  5 scorpions
  2 necrophages (D:4)
  8 bullfrogs
  A gnoll sergeant (D:7)
  4 wights (D:6)
  4 killer bees (D:9)
  A howler monkey (D:11)
  5 bombardier beetles
  A hound (D:5)
  A human zombie (D:4)
  3 jellies
  A quasit (D:8)
  4 orc priests
  2 scorpion zombies (D:4)
  2 sleepcaps
  Ijyb (D:3)
  4 iguanas
  Natasha (twice) (D:4)
  9 orc wizards
  2 hound zombies (D:4)
  3 adders
  10 gnolls
  7 shadow imps
  2 white imps (D:6)
  3 ufetubi
  2 adder zombies (D:4)
  8 dart slugs
  30 orcs
  5 bats
  6 endoplasms
  A giant cockroach (D:3)
  11 hobgoblins
  3 jackals (D:3)
  7 quokkas
  4 ball pythons
  2 frilled lizards (D:1)
  11 goblins
  9 kobolds
  4 rats
286 creatures vanquished.

Vanquished Creatures (collateral kills)
  A two-headed ogre (D:9)
  A cane toad (D:11)
  An orange demon (Lair:2)
  A wyvern (D:11)
  A yak (D:11)
  A centaur (D:10)
  A killer bee (D:9)
  2 crimson imps (D:8)
  A bat (D:1)
10 creatures vanquished.

Grand Total: 296 creatures vanquished

Table legend: (Time is in decaauts)
 A = Elapsed time spent in this place.
 B = Non-inter-level travel time spent in this place.
 C = Inter-level travel time spent in this place.
 D = Time resting spent in this place.
 E = Time spent auto-exploring this place.
 F = Levels seen in this place.
 G = Mean time per level.
                   A        B        C        D        E       F      G
               +--------+--------+--------+--------+--------+-----+--------+
         Total |  19577 |  18711 |    866 |   5942 |   9818 |  15 | 1305.1 |
       Dungeon |  14216 |  13412 |    804 |   3354 |   7844 |  11 | 1292.4 |
          Lair |   4870 |   4809 |     61 |   2421 |   1852 |   3 | 1623.3 |
      Gauntlet |    490 |    490 |      0 |    167 |    122 |   1 |  490.0 |
               +--------+--------+--------+--------+--------+-----+--------+

Top non-repeatable levels by time:
  Lair:1: 3403 daAuts
     D:9: 1881 daAuts
     D:6: 1657 daAuts
     D:4: 1503 daAuts
     D:7: 1424 daAuts
     D:8: 1409 daAuts
  Lair:2: 1408 daAuts
    D:11: 1393 daAuts
    D:10: 1231 daAuts
     D:3: 1029 daAuts
     D:5: 1017 daAuts
     D:1: 969 daAuts
     D:2: 700 daAuts
Gauntlet: 490 daAuts
  Lair:3: 58 daAuts

Table legend:
 A = Non-vault XP
 B = Vault XP
 C = Vault XP percentage of total XP
 D = Non-vault monster count
 E = Vault monster count
 F = Vault count percentage of total count
                 A         B        C        D         E       F
            +---------+---------+-------+---------+---------+-------
      Total |   24371 |    6424 |  20.9 |     239 |      56 |  19.0
            +---------+---------+-------+---------+---------+-------
        D:1 |      52 |       0 |   0.0 |      28 |       0 |   0.0
        D:2 |      26 |       0 |   0.0 |      15 |       0 |   0.0
        D:3 |      74 |      36 |  32.7 |      14 |       1 |   6.7
        D:4 |     272 |     408 |  60.0 |      18 |      13 |  41.9
        D:5 |     401 |       0 |   0.0 |      16 |       0 |   0.0
        D:6 |    1590 |       4 |   0.3 |      27 |       1 |   3.6
        D:7 |    1167 |     423 |  26.6 |      27 |       7 |  20.6
        D:8 |     950 |     133 |  12.3 |      11 |       6 |  35.3
        D:9 |    4412 |    1198 |  21.4 |      21 |      18 |  46.2
       D:10 |    2574 |       0 |   0.0 |      14 |       0 |   0.0
       D:11 |    3431 |     799 |  18.9 |      11 |       3 |  21.4
     Lair:1 |    4674 |     940 |  16.7 |      21 |       2 |   8.7
     Lair:2 |    3683 |    1676 |  31.3 |      13 |       4 |  23.5
     Lair:3 |    1065 |       0 |   0.0 |       3 |       0 |   0.0
   Gauntlet |       0 |     807 | 100.0 |       0 |       1 | 100.0
            +---------+---------+-------+---------+---------+-------
